[Event "42nd Olympiad Baku 2016 Women"]
[Site "Baku"]
[Date "2016.09.06"]
[Round "5.15"]
[White "Mammadova, Gulnar"]
[Black "Levushkina, Elena"]
[Result "1-0"]
[ECO "C50"]
[WhiteElo "2304"]
[BlackElo "2342"]
[Annotator ""]
[PlyCount "109"]
[EventDate "2016.??.??"]
[EventType "team-tourn"]
[EventCountry "AZE"]
[SourceTitle "playchess.com"]
[Source "ChessBase"]
[WhiteTeam "Azerbaijan"]
[BlackTeam "Germany"]
[WhiteTeamCountry "AZE"]
[BlackTeamCountry "GER"]
[TimeControl "40/5400+30:1800+30"]

1. e4 {(00:00)} e5 {(00:00)} 2. Nf3 {(00:00)} Nc6 {
(00:00)} 3. Bc4 {(00:00)} Bc5 {(00:00)} 4. O-O {(
00:00)} Nf6 {(00:06)} 5. d3 {(00:06)} O-O {(00:35)} 6. a4
{(00:13)} a6 {(06:12)} 7. Bg5 {(00:19)} Be7 {(05:
32)} 8. c3 {(07:56)} d6 {(01:34)} 9. Na3 {(03:40)} h6 {
(05:11)} 10. Bh4 {(00:02)} Nh7 {(18:22)} 11. Bxe7 {
(06:27)} Qxe7 {(00:21)} 12. Nc2 {(01:07)} Be6 {(05:
09)} 13. Bxe6 {(07:11)} fxe6 {(02:16)} 14. Ne3 {(00:52)}
Rf7 {(04:50)} 15. b4 {(03:57)} Raf8 {(01:17)} 16. Nd2 {
(04:45)} Qd7 {(07:23)} 17. Qb3 {(11:25)} Ne7 {(01:
13)} 18. d4 {(01:57)} Ng6 {(04:22)} 19. dxe5 {(04:37)}
dxe5 {(05:43)} 20. Rad1 {(01:41)} Qe7 {(01:07)} 21. Qc4 {
(04:21)} Ng5 {(01:56)} 22. f3 {(02:38)} h5 {(01:31]
} 23. a5 {(03:52)} Qf6 {(05:23)} 24. Nb3 {(03:13)} Nh4 {
(02:05)} 25. Qe2 {(01:39)} Qh6 {(08:35)} 26. Nd2 {(
06:16)} Ng6 {(00:34)} 27. Rf2 {(05:50)} Nf4 {(01:37)} 28.
Qf1 {(00:05)} Nh7 {(04:01)} 29. Ndc4 {(01:57)} Qg5 {
(01:05)} 30. Kh1 {(01:09)} Ng6 {(01:59)} 31. Qe1 {(
04:01)} Nf6 {(00:59)} 32. Rf1 {(03:02)} h4 {(00:54)} 33.
Qd2 {(00:14)} Nf4 {(00:48)} 34. Qe1 {(02:23)} N4h5 {
(00:22)} 35. Kg1 {(02:02)} Ng3 {(01:32)} 36. Rf2 {(
00:35)} Nfxe4 {(02:06)} 37. Rc2 {(00:57)} Nf6 {(01:03)}
38. hxg3 {(00:46)} hxg3 {(00:12)} 39. Nf1 {(00:38)} Nh5 {
(00:42)} 40. Qxe5 {(00:00)} Qh4 {(00:00)} 41. Qxe6 {
(01:57)} Nf4 {(03:42)} 42. Qg4 {(01:55)} Qh7 {(00:
26)} 43. Rcd2 {(00:59)} Rf6 {(00:58)} 44. Ne5 {(04:39)}
Re6 {(06:31)} 45. Qg5 {(03:40)} Rd6 {(17:10)} 46. Nxg3 {
(01:47)} Rxd2 {(00:20)} 47. Rxd2 {(00:06)} Qb1+ {(
00:19)} 48. Nf1 {(01:28)} Qe1 {(02:11)} 49. Rd7 {(01:46)}
Ne6 {(00:09)} 50. Qe3 {(00:12)} Qb1 {(00:18)} 51. Nd3 {
(00:26)} Rf6 {(01:43)} 52. Nc5 {(00:46)} Nf4 {(02:
09)} 53. Rd8+ {(00:22)} Kh7 {(00:05)} 54. Qe4+ {(00:06)}
Qxe4 {(00:04)} 55. Nxe4 {(00:06)} 1-0

[Event "42nd Olympiad Baku 2016 Women"]
[Site "Baku"]
[Date "2016.09.06"]
[Round "5.4"]
[White "Manar, Khalil"]
[Black "Avalos, Rosana"]
[Result "1-0"]
[ECO "C45"]
[WhiteElo "1725"]
[BlackElo "1576"]
[Annotator ""]
[PlyCount "97"]
[EventDate "2016.??.??"]
[EventType "team-tourn"]
[EventCountry "AZE"]
[SourceTitle "playchess.com"]
[Source "ChessBase"]
[WhiteTeam "Syria"]
[BlackTeam "Paraguay"]
[WhiteTeamCountry "SYR"]
[BlackTeamCountry "PAR"]
[TimeControl "40/5400+30:1800+30"]

1. e4 {(00:00)} e5 {(00:00)} 2. Nf3 {(00:00)} Nc6 {
(00:00)} 3. d4 {(00:07)} exd4 {(00:00)} 4. Nxd4 {(
00:18)} Bc5 {(00:55)} 5. Be3 {(00:47)} Qf6 {(00:33)} 6. c3
{(01:14)} Nge7 {(00:48)} 7. Bc4 {(01:06)} b6 {(03:
36)} 8. O-O {(06:35)} Ne5 {(01:49)} 9. Be2 {(02:04)} N7c6
{(10:12)} 10. Nb5 {(06:35)} O-O {(13:20)} 11. Nxc7 {
(06:53)} Rb8 {(06:24)} 12. Nd5 {(03:36)} Qd8 {(10:
00)} 13. Bxc5 {(13:21)} bxc5 {(00:27)} 14. b3 {(00:58)} d6
{(01:44)} 15. f4 {(06:15)} Nd7 {(00:56)} 16. Qd3 {(
07:57)} Ne7 {(06:43)} 17. Ne3 {(04:05)} Nf6 {(05:37)} 18.
Bf3 {(01:09)} Qc7 {(03:27)} 19. Rd1 {(06:18)} Rd8 {
(00:19)} 20. e5 {(03:33)} Ne8 {(04:00)} 21. Na3 {(
02:33)} d5 {(17:56)} 22. Nxd5 {(05:54)} Nxd5 {(00:26)} 23.
Bxd5 {(00:38)} Bg4 {(00:34)} 24. Rd2 {(05:22)} Qe7 {
(05:51)} 25. Qg3 {(03:13)} Be6 {(01:49)} 26. c4 {(
03:13)} f6 {(00:42)} 27. Rad1 {(02:13)} Nc7 28. Nc2 {(02:
45)} fxe5 {(00:40)} 29. fxe5 {(00:17)} Bxd5 {(02:36)} 30.
cxd5 {(00:09)} c4 {(00:14)} 31. d6 {(01:00)} Qf7 {(
02:47)} 32. dxc7 {(01:22)} Qxc7 {(00:06)} 33. Rxd8+ {(01:
02)} Rxd8 {(00:08)} 34. Rxd8+ {(00:27)} Qxd8 {(00:05)} 35.
bxc4 {(01:34)} Qd1+ {(00:49)} 36. Ne1 {(00:08)} Qd4+ {
(00:09)} 37. Qf2 {(00:56)} Qxe5 {(00:06)} 38. c5 {(
00:28)} Qc3 {(00:30)} 39. h3 {(01:04)} h6 {(00:12)} 40.
Nf3 {(00:00)} Qc1+ {(00:00)} 41. Kh2 {(01:16)} Qf4+ {
(01:06)} 42. g3 {(00:25)} Qf6 {(00:59)} 43. Kg2 {(
01:31)} Qc6 {(00:09)} 44. Qc2 {(00:17)} a5 {(00:29)} 45.
Qc4+ {(00:43)} Kh8 {(00:12)} 46. Qd4 {(01:41)} a4 {
(00:46)} 47. Kf2 {(01:24)} Qb5 {(01:40)} 48. Ne1 {(
01:51)} a3 {(00:58)} 49. Qd8+ {(00:09)} 1-0

[Event "42nd Olympiad Baku 2016 Women"]
[Site "Baku"]
[Date "2016.09.06"]
[Round "5.22"]
[White "Maslikova, Veronika"]
[Black "Guindy, Esmat"]
[Result "1/2-1/2"]
[ECO "C06"]
[WhiteElo "2247"]
[BlackElo "2149"]
[Annotator ""]
[PlyCount "86"]
[EventDate "2016.??.??"]
[EventType "team-tourn"]
[EventCountry "AZE"]
[SourceTitle "playchess.com"]
[Source "ChessBase"]
[WhiteTeam "Slovakia"]
[BlackTeam "Denmark"]
[WhiteTeamCountry "SVK"]
[BlackTeamCountry "DEN"]
[TimeControl "40/5400+30:1800+30"]

1. e4 {(00:00)} e6 {(00:00)} 2. d4 {(00:00)} d5 {(
00:00)} 3. Nd2 {(00:00)} Nf6 {(00:00)} 4. e5 {(00:00)}
Nfd7 {(00:00)} 5. Bd3 {(00:00)} c5 {(00:00)} 6. c3 {
(00:07)} Nc6 {(00:00)} 7. Ne2 {(00:24)} cxd4 {(00:
18)} 8. cxd4 {(00:06)} f6 {(00:10)} 9. exf6 {(00:19)} Nxf6
{(00:07)} 10. O-O {(01:00)} Bd6 {(00:11)} 11. Nf3 {
(00:19)} O-O {(00:10)} 12. Bf4 {(01:29)} Nh5 {(00:
14)} 13. Bg3 {(51:08)} Bxg3 {(13:23)} 14. hxg3 {(04:48)}
Bd7 {(06:02)} 15. Qc2 {(06:31)} h6 {(03:00)} 16. a3 {
(05:04)} Rc8 {(01:55)} 17. Qd2 {(03:30)} Qf6 {(12:
20)} 18. Qe3 {(01:37)} g5 {(15:16)} 19. Rac1 {(01:44)} Ne7
{(09:12)} 20. Ne5 {(01:13)} Rfd8 {(05:37)} 21. Rxc8 {
(02:59)} Bxc8 {(00:25)} 22. Bb1 {(01:01)} Qg7 {(04:
07)} 23. Rc1 {(00:58)} Nf5 {(01:27)} 24. Qc3 {(02:00)} Nf6
{(03:00)} 25. g4 {(01:12)} Nd6 {(00:42)} 26. Qd3 {(
00:57)} Nfe8 {(04:48)} 27. Ng3 {(00:39)} Nf6 {(03:44)} 28.
f3 {(00:03)} Nde8 {(00:48)} 29. Qg6 {(01:30)} Qxg6 {
(04:49)} 30. Bxg6 {(00:04)} Bd7 {(07:14)} 31. Nxd7 {
(00:38)} Rxd7 {(00:43)} 32. Rc8 {(00:24)} Rc7 {(01:
22)} 33. Ra8 {(00:22)} Kf8 {(01:11)} 34. Nh5 {(01:05)} Ke7
{(00:44)} 35. Nxf6 {(00:35)} Nxf6 {(00:09)} 36. Rxa7 {
(00:06)} Nd7 {(01:11)} 37. a4 {(03:05)} Kd6 {(02:
05)} 38. a5 {(01:23)} Nb8 {(00:26)} 39. Ra8 {(01:02)} Nc6
{(01:29)} 40. a6 {(00:00)} bxa6 {(00:00)} 41. Rxa6 {
(02:50)} Kd7 {(02:26)} 42. Rb6 {(06:16)} Nxd4 {(01:
56)} 43. Kf2 {(00:22)} Rc6 {(04:58)} 1/2-1/2

[Event "42nd Olympiad Baku 2016 Women"]
[Site "Baku"]
[Date "2016.09.06"]
[Round "5.23"]
[White "Mbatha, Constance"]
[Black "Smith, Annesha"]
[Result "1/2-1/2"]
[ECO "D10"]
[WhiteElo "1746"]
[BlackElo "1770"]
[Annotator ""]
[PlyCount "98"]
[EventDate "2016.??.??"]
[EventType "team-tourn"]
[EventCountry "AZE"]
[SourceTitle "playchess.com"]
[Source "ChessBase"]
[WhiteTeam "Zambia"]
[BlackTeam "Jamaica"]
[WhiteTeamCountry "ZAM"]
[BlackTeamCountry "JAM"]
[TimeControl "40/5400+30:1800+30"]

1. d4 {(00:00)} d5 {(00:00)} 2. c4 {(00:00)} c6 {(
00:00)} 3. Nc3 {(00:00)} Nf6 {(00:00)} 4. Bf4 {(00:34)}
dxc4 {(00:00)} 5. e4 {(00:20)} b5 {(00:15)} 6. Nf3 {
(01:02)} b4 {(00:18)} 7. Na4 {(00:45)} Nxe4 {(06:
17)} 8. Bxc4 {(00:05)} e6 {(01:05)} 9. O-O {(00:34)} Bd6 {
(06:43)} 10. Ne5 {(06:10)} O-O {(02:35)} 11. Be3 {(
01:25)} c5 {(01:58)} 12. Nf3 cxd4 {(06:16)} 13. Nxd4 {(04:
03)} Bb7 {(14:56)} 14. Qh5 {(20:15)} Nf6 15. Qh3 Nc6 16. Rad1
Nxd4 17. Bxd4 {(06:57)} Nd5 {(00:00)} 18. Be3 {(16:55)}
Qa5 {(37:52)} 19. b3 {(07:50)} Rad8 {(01:44)} 20. Bd3 {
(09:58)} f5 {(00:30)} 21. Bc4 {(05:54)} Kh8 {(08:
26)} 22. Bc1 {(06:16)} Qc7 {(01:53)} 23. Rfe1 {(04:14)}
Rde8 {(01:25)} 24. Bb2 {(01:39)} Qf7 {(00:41)} 25. Bc1 {
(03:23)} Qg6 {(00:32)} 26. Nb2 {(00:15)} f4 {(01:
59)} 27. Bd3 {(01:02)} Qh6 {(01:35)} 28. Qxh6 {(01:08)}
gxh6 {(00:01)} 29. Bc4 {(00:04)} Bb8 {(01:27)} 30. Nd3 {
(01:02)} Nc3 {(00:32)} 31. Bb2 {(00:55)} e5 {(01:
35)} 32. Bxc3 {(00:56)} bxc3 {(00:08)} 33. Rc1 {(00:02)}
e4 {(00:48)} 34. Nc5 Bc6 {(00:47)} 35. Rxc3 {(01:31)} Bd6
{(01:00)} 36. Bf1 {(00:43)} Rf5 {(00:52)} 37. b4 {(
00:07)} Ree5 {(00:40)} 38. Rec1 {(00:50)} Bxc5 {(01:08)}
39. Rxc5 {(00:01)} Rxc5 {(00:39)} 40. Rxc5 {(00:00)} Rxc5
{(00:00)} 41. bxc5 {(00:04)} Kg7 {(01:09)} 42. Bc4 {
(01:44)} h5 {(00:52)} 43. Kf1 {(00:13)} h4 {(01:56]
} 44. Ke2 {(03:14)} Kf6 {(00:46)} 45. Kd2 {(00:01)} Ke5 {
(01:00)} 46. Kc3 {(00:07)} a5 {(04:10)} 47. a3 {(
01:02)} Bd5 {(10:21)} 48. Bb5 {(00:15)} e3 {(04:50)} 49.
fxe3 {(02:50)} fxe3 {(00:25)} 1/2-1/2

[Event "42nd Olympiad Baku 2016 Women"]
[Site "Baku"]
[Date "2016.09.06"]
[Round "5.18"]
[White "McDowell, Sharon"]
[Black "Bekheet, Suhailah"]
[Result "1-0"]
[ECO "D02"]
[WhiteElo "1685"]
[BlackElo "1059"]
[Annotator ""]
[PlyCount "71"]
[EventDate "2016.??.??"]
[EventType "team-tourn"]
[EventCountry "AZE"]
[SourceTitle "playchess.com"]
[Source "ChessBase"]
[WhiteTeam "Honduras"]
[BlackTeam "Kuwait"]
[WhiteTeamCountry "HON"]
[BlackTeamCountry "KUW"]
[TimeControl "40/5400+30:1800+30"]

1. d4 {(00:00)} d5 {(00:00)} 2. Nf3 {(00:00)} Nf6 {
(00:28)} 3. Bf4 {(00:00)} h6 {(01:36)} 4. h3 {(00:
29)} Nc6 {(01:24)} 5. e3 {(00:08)} Bf5 {(00:53)} 6. a3 {
(00:12)} e6 {(00:25)} 7. c4 {(00:15)} Be7 {(04:07)}
8. Be2 {(00:25)} O-O {(01:19)} 9. O-O {(00:05)} a6 {
(00:23)} 10. Nc3 {(00:09)} Rc8 {(02:59)} 11. b4 {(
05:31)} b5 {(02:17)} 12. cxb5 {(00:27)} axb5 {(01:19)} 13.
Bxb5 {(01:20)} Na7 {(01:23)} 14. Bd3 {(00:42)} c6 {
(01:03)} 15. Bxf5 {(00:51)} exf5 {(02:24)} 16. Rc1 {
(05:38)} Qd7 {(03:30)} 17. Qb3 {(03:59)} Nh5 {(02:
45)} 18. Bh2 {(00:58)} Rfe8 {(01:53)} 19. a4 {(02:05)} Bf6
{(00:58)} 20. b5 {(02:20)} Rcd8 {(01:20)} 21. b6 {(
01:34)} Nc8 {(00:45)} 22. a5 {(00:21)} f4 {(00:22)} 23.
Ne2 {(02:31)} fxe3 {(02:53)} 24. fxe3 {(00:21)} Nd6 {
(01:44)} 25. Ne5 {(13:16)} Qe6 {(01:34)} 26. Rxc6 {
(03:00)} Bh4 {(02:16)} 27. a6 {(37:51)} f6 {(00:29]
} 28. Ng4 {(00:09)} Qf7 {(01:22)} 29. Rxd6 {(00:38)} Rxd6
{(00:21)} 30. Bxd6 {(00:09)} f5 {(01:48)} 31. b7 {(
00:31)} fxg4 {(00:21)} 32. Rxf7 {(00:09)} Kxf7 {(00:32)}
33. Qxd5+ {(00:08)} Kg6 {(00:44)} 34. b8=Q Rxe3 {(00:36)}
35. Qb1+ {(03:35)} Kf6 {(01:02)} 36. Qbf5# {(00:06)} 1-0

[Event "42nd Olympiad Baku 2016 Women"]
[Site "Baku"]
[Date "2016.09.06"]
[Round "5.29"]
[White "Mendieta, Kathya"]
[Black "Frick, Denise"]
[Result "1/2-1/2"]
[ECO "B23"]
[WhiteElo "1943"]
[BlackElo "1803"]
[Annotator ""]
[PlyCount "73"]
[EventDate "2016.??.??"]
[EventType "team-tourn"]
[EventCountry "AZE"]
[SourceTitle "playchess.com"]
[Source "ChessBase"]
[WhiteTeam "Nicaragua"]
[BlackTeam "South Africa"]
[WhiteTeamCountry "NCA"]
[BlackTeamCountry "RSA"]
[TimeControl "40/5400+30:1800+30"]

1. e4 {(00:00)} c5 {(00:00)} 2. Nc3 {(00:14)} a6 {(
00:00)} 3. Nge2 {(02:02)} Nc6 {(00:03)} 4. g3 {(00:08)} g6
{(00:42)} 5. Bg2 {(00:05)} Bg7 {(00:22)} 6. d3 {(
00:13)} e6 {(01:28)} 7. O-O {(00:07)} Nge7 {(00:32)} 8. f4
{(01:37)} Nd4 {(04:28)} 9. Kh1 {(10:22)} O-O {(03:
59)} 10. g4 {(07:17)} f5 {(07:33)} 11. g5 {(05:45)} Rb8 {
(05:44)} 12. Ng3 {(06:48)} b5 {(03:57)} 13. Nce2 {(
00:08)} Nxe2 {(07:23)} 14. Qxe2 {(00:16)} Bb7 {(06:40)}
15. c3 {(01:21)} d6 {(11:11)} 16. Bd2 {(04:22)} Qd7 {
(01:36)} 17. Rae1 {(03:27)} Rfe8 {(01:45)} 18. Rf2 {
(09:55)} Nc6 {(15:24)} 19. Qf1 {(07:36)} d5 {(01:
58)} 20. exd5 {(09:50)} exd5 {(00:23)} 21. Rfe2 {(00:13)}
d4 {(02:43)} 22. Bf3 {(02:09)} dxc3 {(01:37)} 23. Bxc3 {
(01:02)} Rxe2 {(02:25)} 24. Qxe2 {(11:49)} Nd4 {(
01:50)} 25. Bxd4 {(00:07)} Bxd4 {(02:24)} 26. b3 {(01:29)}
Bc3 {(01:57)} 27. Rf1 {(07:29)} Re8 {(01:02)} 28. Qg2 {
(00:10)} Bxf3 {(02:06)} 29. Qxf3 {(00:05)} Qe6 {(
01:20)} 30. Kg2 {(02:28)} a5 {(00:20)} 31. Rf2 {(01:08)}
Rd8 {(02:11)} 32. Rc2 {(03:25)} Bb4 {(00:53)} 33. Re2 {
(00:42)} Qd6 {(02:46)} 34. Re3 {(01:10)} Bd2 {(00:
31)} 35. Re5 {(00:45)} b4 {(04:00)} 36. Ne2 {(01:22)} a4 {
(02:21)} 37. bxa4 1/2-1/2

[Event "42nd Olympiad Baku 2016 Women"]
[Site "Baku"]
[Date "2016.09.06"]
[Round "5.5"]
[White "Mentile, Lishen"]
[Black "Diaz Cesar, Wilsaida Pieranlly"]
[Result "1/2-1/2"]
[ECO "B06"]
[WhiteElo "1480"]
[BlackElo "1889"]
[Annotator ""]
[PlyCount "175"]
[EventDate "2016.??.??"]
[EventType "team-tourn"]
[EventCountry "AZE"]
[SourceTitle "playchess.com"]
[Source "ChessBase"]
[WhiteTeam "Namibia"]
[BlackTeam "Dominican Republic"]
[WhiteTeamCountry "NAM"]
[BlackTeamCountry "DOM"]
[TimeControl "40/5400+30:1800+30"]

1. e4 {(00:00)} g6 {(00:00)} 2. Nf3 {(01:39)} Bg7 {
(00:00)} 3. d4 {(03:18)} d6 {(00:32)} 4. Be3 {(05:
08)} Nd7 {(01:35)} 5. c3 {(02:45)} e5 {(00:13)} 6. dxe5 {
(08:42)} dxe5 {(00:14)} 7. Na3 {(04:08)} Ngf6 {(01:
06)} 8. Bd3 {(06:11)} O-O {(00:52)} 9. O-O {(00:05)} b6 {
(01:04)} 10. Bg5 {(05:00)} Bb7 {(08:59)} 11. Bc2 {(
04:39)} h6 {(02:16)} 12. Bxf6 {(01:33)} Bxf6 {(01:11)} 13.
Qd2 {(02:19)} Bg7 {(01:57)} 14. Rad1 {(01:44)} Bc6 {
(00:30)} 15. Bb3 {(05:07)} Qe8 {(02:55)} 16. Bd5 {(
01:12)} Nc5 {(00:22)} 17. Bxc6 {(02:20)} Qxc6 {(00:04)}
18. Qd5 {(01:26)} Qe8 {(06:21)} 19. Qc4 {(01:21)} Rd8 {
(01:37)} 20. b4 {(04:11)} Ne6 {(00:26)} 21. Nb5 {(
00:58)} a6 {(03:03)} 22. Nxc7 {(07:22)} Nxc7 {(04:09)} 23.
Qxc7 {(00:35)} Rxd1 {(00:38)} 24. Rxd1 {(01:25)} Qe6 {
(01:25)} 25. h3 {(07:32)} Qxa2 {(02:14)} 26. Qxb6 {
(01:20)} Qc2 {(00:53)} 27. Ra1 {(01:35)} Qxc3 {(00:
37)} 28. Rxa6 {(00:10)} Qc1+ {(00:35)} 29. Kh2 {(00:17)}
Qf4+ {(00:29)} 30. Kh1 {(00:59)} Qxe4 {(00:18)} 31. Qc5 {
(06:07)} Qd3 {(01:14)} 32. Rd6 {(01:02)} Qb1+ {(02:
08)} 33. Kh2 {(01:52)} e4 {(03:17)} 34. Ng1 {(04:16)} Qb2
{(02:22)} 35. g3 {(04:17)} Bc3 {(05:35)} 36. b5 {(
03:05)} Bb4 {(00:28)} 37. Qd4 {(00:26)} Bc3 {(00:49)} 38.
Qxe4 {(01:33)} Qxf2+ {(01:11)} 39. Qg2 {(00:33)} Qe3 {
(03:41)} 40. Qd5 {(00:00)} Be5 {(00:00)} 41. Rxg6+ {
(06:14)} Kh7 {(01:07)} 42. Rg4 {(00:12)} Qf2+ {(00:
32)} 43. Qg2 {(02:24)} Qf6 {(05:06)} 44. Qf3 {(01:10)} Qd6
{(02:30)} 45. Qf5+ {(10:59)} Kh8 {(00:15)} 46. Qf1 {
(00:49)} f5 {(01:10)} 47. Rc4 {(06:50)} Bxg3+ {(00:
27)} 48. Kh1 {(04:59)} Qd5+ {(01:53)} 49. Nf3 {(00:13)}
Re8 {(01:22)} 50. Kg2 {(01:19)} Re1 {(03:03)} 51. Rc8+ {
(00:10)} Kh7 {(02:16)} 52. Qc4 {(00:17)} Rd1 {(05:
09)} 53. Qxd5 {(00:14)} Rxd5 {(00:03)} 54. Kxg3 {(00:01)}
Rxb5 {(00:10)} 55. Rc6 {(00:27)} Kg7 {(01:21)} 56. Rd6 {
(01:04)} Ra5 {(00:14)} 57. Kf4 {(00:16)} Rc5 {(00:
52)} 58. Re6 {(00:52)} Rc3 {(00:37)} 59. Re3 {(00:48)} Rc5
{(00:16)} 60. Re5 {(00:10)} Rc6 {(01:53)} 61. Kxf5 {
(00:26)} Rf6+ {(00:28)} 62. Ke4 {(00:03)} Ra6 {(00:
19)} 63. Rd5 {(01:03)} Re6+ {(00:36)} 64. Kf4 {(01:04)}
Rf6+ {(00:15)} 65. Rf5 {(00:01)} Ra6 {(00:16)} 66. Kg4 {
(00:48)} Rb6 {(02:01)} 67. Kh5 {(00:30)} Rb3 {(01:
21)} 68. Kg4 {(00:33)} Rb4+ {(00:31)} 69. Rf4 {(00:01)}
Rb6 {(00:44)} 70. Nh4 {(00:18)} Rb5 {(01:31)} 71. Nf5+ {
(00:21)} Kg6 {(00:38)} 72. Ne7+ {(01:13)} Kg7 {(01:
55)} 73. Rf5 {(00:12)} Rb4+ {(00:20)} 74. Kh5 {(00:15)}
Rb3 {(01:00)} 75. h4 {(00:01)} Rb6 {(00:36)} 76. Rf4 {
(01:14)} Rb5+ {(00:12)} 77. Rf5 {(00:32)} Rb6 {(00:
16)} 78. Kg4 {(00:06)} Re6 {(00:26)} 79. Nd5 {(00:23)} Ra6
{(01:28)} 80. Nf4 {(00:51)} Ra4 {(00:37)} 81. h5 {(
00:34)} Ra6 {(00:40)} 82. Rd5 {(00:33)} Ra7 {(00:27)} 83.
Rd6 {(00:14)} Kh7 {(00:25)} 84. Rg6 {(00:31)} Ra5 {
(00:36)} 85. Ne6 {(00:30)} Ra4+ {(01:08)} 86. Nf4 {
(00:38)} Ra5 {(00:29)} 87. Ne6 {(00:42)} Ra4+ {(00:
57)} 88. Nf4 {(00:09)} 1/2-1/2

[Event "42nd Olympiad Baku 2016 Women"]
[Site "Baku"]
[Date "2016.09.06"]
[Round "5.2"]
[White "Mezioud, Amina"]
[Black "Fronda, Jan Jodilyn"]
[Result "0-1"]
[ECO "B22"]
[WhiteElo "2043"]
[BlackElo "2128"]
[Annotator ""]
[PlyCount "148"]
[EventDate "2016.??.??"]
[EventType "team-tourn"]
[EventCountry "AZE"]
[SourceTitle "playchess.com"]
[Source "ChessBase"]
[WhiteTeam "Algeria"]
[BlackTeam "Philippines"]
[WhiteTeamCountry "ALG"]
[BlackTeamCountry "PHI"]
[TimeControl "40/5400+30:1800+30"]

1. e4 {(00:00)} c5 {(00:00)} 2. c3 {(00:00)} Nf6 {(
00:00)} 3. e5 {(00:00)} Nd5 {(00:02)} 4. d4 {(00:00)} cxd4
{(00:07)} 5. cxd4 {(00:35)} e6 {(00:55)} 6. Bc4 {(
01:41)} d6 {(01:19)} 7. Nf3 {(00:50)} Nc6 {(00:05)} 8. O-O
{(01:50)} Be7 {(00:57)} 9. a3 {(05:30)} O-O {(01:
58)} 10. b4 {(02:04)} Qc7 {(03:02)} 11. Qe2 {(07:01)} Bd7
{(01:28)} 12. Bd2 {(03:44)} Rac8 {(13:07)} 13. Bxd5 {
(15:21)} exd5 {(00:05)} 14. Nc3 {(00:10)} Be6 {(00:
36)} 15. Nb5 {(00:24)} Qd8 {(00:51)} 16. exd6 {(01:21)}
Bxd6 {(10:29)} 17. Nxd6 {(00:07)} Qxd6 {(00:02)} 18. b5 {
(00:22)} Ne7 {(00:22)} 19. Bb4 {(00:21)} Qd7 {(02:
39)} 20. Ne5 {(09:33)} Qc7 {(01:04)} 21. Qd2 {(15:46)}
Rfe8 {(02:53)} 22. Rac1 {(01:29)} Qb8 {(00:23)} 23. Rxc8 {
(02:53)} Nxc8 {(00:49)} 24. f4 {(09:23)} Bf5 {(03:
13)} 25. g4 {(00:47)} Be4 {(00:05)} 26. f5 {(00:39)} f6 {
(01:06)} 27. Nd7 {(04:20)} Qc7 {(00:08)} 28. Nc5 {(
00:07)} Nb6 {(03:05)} 29. Ne6 {(00:50)} Qd7 {(00:11)} 30.
Qf4 {(02:26)} Qxb5 {(17:22)} 31. Re1 {(03:37)} Rc8 {
(01:32)} 32. Nc5 {(03:29)} a5 {(07:30)} 33. Bd2 {(
02:30)} Re8 {(08:17)} 34. Qc7 {(02:45)} Qc6 {(08:45)} 35.
Qxc6 {(00:14)} bxc6 {(00:04)} 36. Bxa5 {(00:11)} Nc4 {
(00:08)} 37. Bb4 {(00:10)} Kf7 {(01:09)} 38. a4 {(
01:45)} Rb8 {(01:47)} 39. Bc3 {(00:19)} Bf3 {(00:11)} 40.
h3 {(00:00)} h5 {(00:00)} 41. gxh5 {(00:57)} Nd6 {(
05:11)} 42. a5 {(00:57)} Nb5 {(01:08)} 43. Re3 {(05:13)}
Bxh5 {(02:07)} 44. a6 {(00:38)} Ra8 {(01:26)} 45. Bb2 {
(03:03)} Nc7 {(00:26)} 46. Ra3 {(08:11)} Be2 {(00:
13)} 47. a7 {(00:13)} Nb5 {(00:59)} 48. Rg3 {(05:44)} Rxa7
{(00:34)} 49. Ne6 {(00:09)} Kg8 {(00:06)} 50. Kf2 {
(00:42)} Bh5 {(01:34)} 51. Ke1 {(01:10)} Nd6 {(00:
46)} 52. Rc3 {(02:04)} Nc4 {(02:44)} 53. Rb3 {(02:24)} Re7
{(13:36)} 54. Kf2 {(01:42)} Bf7 {(03:29)} 55. Rb8+ {
(01:12)} Re8 {(00:06)} 56. Rxe8+ {(00:05)} Bxe8 {(
00:03)} 57. Bc1 {(00:05)} Nd6 {(00:27)} 58. Ba3 {(02:40)}
Nxf5 {(00:06)} 59. Bc5 {(00:09)} Bd7 {(01:41)} 60. Nf4 {
(00:18)} Kf7 {(00:12)} 61. Kf3 {(00:20)} g5 {(00:
25)} 62. Nd3 {(01:13)} Ng7 {(00:47)} 63. Nf2 {(01:54)} Bf5
{(02:23)} 64. Bb6 {(00:59)} Ne6 {(00:05)} 65. Ba7 {
(00:17)} Bc2 {(01:12)} 66. Ng4 {(01:08)} Bd1+ {(00:
04)} 67. Kg3 {(00:05)} Bxg4 {(01:04)} 68. hxg4 {(00:21)}
Kg6 {(00:25)} 69. Kf3 {(00:12)} f5 {(00:05)} 70. Bb6 {
(00:09)} Kf6 {(03:08)} 71. Ba7 {(00:11)} Kg6 {(02:
40)} 72. Bb6 {(00:05)} Nf8 {(00:08)} 73. Bc7 {(02:14)} Nd7
{(00:13)} 74. Bd8 {(01:36)} Nf6 {(00:12)} 0-1

[Event "42nd Olympiad Baku 2016 Women"]
[Site "Baku"]
[Date "2016.09.06"]
[Round "5.14"]
[White "Michna, Marta"]
[Black "Mammadzada, Gunay"]
[Result "1/2-1/2"]
[ECO "D00"]
[WhiteElo "2383"]
[BlackElo "2361"]
[Annotator ""]
[PlyCount "54"]
[EventDate "2016.??.??"]
[EventType "team-tourn"]
[EventCountry "AZE"]
[SourceTitle "playchess.com"]
[Source "ChessBase"]
[WhiteTeam "Germany"]
[BlackTeam "Azerbaijan"]
[WhiteTeamCountry "GER"]
[BlackTeamCountry "AZE"]
[TimeControl "40/5400+30:1800+30"]

1. d4 {(00:00)} d5 {(00:00)} 2. Bf4 {(00:00)} c5 {(
00:00)} 3. e3 {(00:00)} Nc6 {(00:00)} 4. c3 {(00:05)} Nf6
{(00:13)} 5. Nd2 {(00:16)} Bf5 {(00:50)} 6. Qb3 {(
00:20)} Qd7 {(00:52)} 7. Ngf3 {(00:26)} c4 {(00:55)} 8.
Qd1 {(01:26)} e6 {(00:18)} 9. Be2 {(01:17)} Be7 {(
01:07)} 10. O-O {(05:29)} O-O {(07:29)} 11. Ne5 {(05:13)}
Qc8 {(03:16)} 12. g4 {(11:09)} Bg6 {(06:42)} 13. Nxg6 {
(02:20)} fxg6 {(11:41)} 14. Bg3 {(00:37)} b5 {(05:
24)} 15. Bf3 {(29:00)} Qd7 {(06:13)} 16. Qe2 {(02:47)} h6
{(17:50)} 17. Rae1 {(00:38)} Rae8 {(02:38)} 18. Qd1 {
(00:43)} Bd6 {(03:21)} 19. e4 {(06:22)} Bxg3 {(05:
21)} 20. hxg3 {(01:51)} e5 {(04:23)} 21. exd5 {(05:20)}
Nxd5 {(00:06)} 22. Ne4 {(06:01)} exd4 {(04:25)} 23. Nc5 {
(00:39)} Qd6 {(03:51)} 24. Nb7 {(01:03)} Qd7 {(00:
02)} 25. Nc5 {(00:04)} Qd6 {(00:10)} 26. Nb7 {(01:27)} Qd7
{(00:05)} 27. Nc5 {(00:58)} Qd6 {(05:54)} 1/2-1/2